 Dungeon Crawl Stone Soup version 0.20.0 (webtiles) character file.

25998 ChungusAmongUs the Protected (level 12, -4/123 HPs)
             Began as a Minotaur Berserker on July 19, 2017.
             Was the Champion of Trog.
             Slain by a stone giant (12 damage)
             ... on level 14 of the Dungeon on July 20, 2017.
             The game lasted 01:14:52 (14869 turns).

ChungusAmongUs the Protected (Minotaur Berserker)  Turns: 14869, Time: 01:14:53

Health: -4/123     AC: 18    Str: 22    XL:     12   Next: 94%
Magic:  11/11      EV: 14    Int:  8    God:    Trog [******]
Gold:   450        SH: 11    Dex: 12    Spells: 11/11 levels left

rFire    + . .     SeeInvis +   v - +7 broad axe of the Heart {flame, rPois rF+ Str-4 Int+4}
rCold    + . .     Gourm    +   T - +0 shield
rNeg     + + .     Faith    .   r - +2 scale mail {MR+}
rPois    +         Spirit   .   (helmet restricted)
rElec    +         Reflect  .   z - +2 cloak
rCorr    +         Harm     .   t - +0 pair of gloves of the Clam {rN+ Dex-3 Slay+2}
MR       ++...     Clarity  +   d - +0 pair of boots
Stlth    ..........             e - amulet "Ziyr" {Gourm rC+ Str+4 Dex-2 SInv}
Regen    0.3/turn               y - ring "Daed" {rCorr rElec rN+}
MPRegen  0.2/turn               s - ring of protection from magic

@: no status effects
A: retaliatory headbutt, horns 2, agile 1, clarity, robust 1, wild magic 1,
MP-powered wands
a: Berserk, Trog's Hand, Brothers in Arms, Burn Spellbooks, Renounce Religion


You were on level 14 of the Dungeon.
You worshipped Trog.
Trog was exalted by your worship.
You were completely stuffed.

You visited 1 branch of the dungeon, and saw 15 of its levels.
You also visited: Sewer.

You collected 800 gold pieces.
You spent 350 gold pieces at shops.

Inventory:

Hand Weapons
 v - the +7 broad axe of the Heart (weapon) {flame, rPois rF+ Str-4 Int+4}
   (Trog gifted it to you on level 13 of the Dungeon)

   It has been specially enchanted to burn those struck by it, causing extra
   injury to most foes and up to half again as much damage against particularly
   susceptible opponents.
   Big, fiery blades are also staple armaments of hydra-hunters.
   It affects your strength (-4).
   It affects your intelligence (+4).
   It protects you from fire.
   It protects you from poison.
 J - the +4 flail of Laceration {speed, rPois rF+++ MR- MP+9 Dex+5}
   (You took it off a big kobold on level 7 of the Dungeon)

   Attacks with this weapon are significantly faster.
   It affects your dexterity (+5).
   It renders you almost immune to fire.
   It protects you from poison.
   It affects your resistance to hostile enchantments.
   It affects your magic capacity (+9).
 K - a +6 flail of holy wrath
 Q - a +0 whip of freezing
Armour
 a - a +2 chain mail of fire resistance
 d - a +0 pair of boots (worn)
 r - a +2 scale mail of magic resistance (worn)
 t - the +0 pair of gloves of the Clam (worn) {rN+ Dex-3 Slay+2}
   (You found it on level 7 of the Dungeon)

   It affects your dexterity (-3).
   It affects your accuracy and damage with ranged weapons and melee attacks
   (+2).
   It protects you from negative energy.
 z - a +2 cloak (worn)
 H - a +0 plate armour
 T - a +0 shield (worn)
Jewellery
 e - the amulet "Ziyr" (around neck) {Gourm rC+ Str+4 Dex-2 SInv}
   (You found it on level 13 of the Dungeon)

   [amulet of the gourmand]

   It allows you to eat raw meat even when not hungry.
   It affects your strength (+4).
   It affects your dexterity (-2).
   It protects you from cold.
   It lets you see invisible.
 f - an uncursed ring of flight
 s - a ring of protection from magic (right hand)
 y - the ring "Daed" (left hand) {rCorr rElec rN+}
   (You found it on level 5 of the Dungeon)

   [ring of resist corrosion]

   It insulates you from electricity.
   It protects you from negative energy.
Wands
 k - a wand of flame (48/48)
Scrolls
 g - a scroll of blinking
 l - a scroll of enchant armour
 m - 3 scrolls of fog
 n - 5 scrolls of teleportation
 q - a scroll of recharging
 u - a scroll of vulnerability {unknown}
 w - 4 scrolls of remove curse
 A - a scroll of fear {unknown}
 F - 3 scrolls of magic mapping
 I - 2 scrolls of random uselessness {unknown}
 L - a scroll of immolation {unknown}
 R - a scroll of holy word {unknown}
Potions
 i - 3 potions of lignification
 j - 4 potions of haste
 B - 6 potions of agility
 C - 6 potions of curing
 D - a potion of might {unknown}
 E - 3 potions of heal wounds
 G - 2 potions of brilliance
 P - a potion of flight {unknown}
 U - a potion of resistance {unknown}
Comestibles
 b - a chunk of flesh
 c - 16 bread rations
 h - 3 royal jellies
 o - 14 fruits
 M - a meat ration


   Skills:
 + Level 11.8 Fighting
 * Level 5.0(9.3) Axes
 - Level 12.0(12.3) Maces & Flails
 + Level 13.7 Armour
 + Level 10.8 Dodging
 - Level 8.8 Shields


You had 11 spell levels left.
You didn't know any spells.

Dungeon Overview and Level Annotations

Branches:
Dungeon (15/15)            Temple (0/1) D:7            Lair (0/6) D:10
    Orc (0/2) D:10
 Vaults: D:13-14     Depths: D:15

Altars:
Ashenzari
Cheibriados
Dithmenos
Gozag
Hepliaklqana
Makhleb
Nemelex Xobeh
Qazlal
Ru
Uskayaw
Xom
Yredelemnul
The Shining One

Shops:
D:11 !


Innate Abilities, Weirdness & Mutations

You reflexively headbutt those who attack you in melee.
You have a pair of horns on your head.
You are agile. (Dex +2)
You possess an exceptional clarity of mind.
You are robust. (+10% HP)
Your spells are a little harder to cast, but a little more powerful.
You expend magic power (3 MP) to strengthen your wands.


Message History

You headbutt the stone giant.
The stone giant is heavily wounded.
The stone giant hits you but does no damage.
You slice the stone giant!! You burn the stone giant.
The stone giant is severely wounded.
The death knight offers itself to Yredelemnul, and fills with unholy energy.
The stone giant hits you!
* * * LOW HITPOINT WARNING * * *
You hit the stone giant. You burn the stone giant.
The stone giant is severely wounded.
The stone giant closely misses you.
You hit the stone giant but do no damage.
The stone giant is severely wounded.
The stone giant hits you!
* * * LOW HITPOINT WARNING * * *
You slash the stone giant! You burn the stone giant.
You headbutt the stone giant, but do no damage.
The stone giant is almost dead.
The stone giant hits you!
You die...

##### ... #.#
#@# #C# ####
#### #p#
##..###..####.#
#...('....'.#.#
#..(.)....C...#
##.)###..####.#
#C'# #### #.#
#.Z# #..# #.#


You could see a stone giant and a death knight.

Vanquished Creatures
  Louise (D:14)
  A rakshasa (D:14)
  A hydra (D:12)
  A centaur warrior (D:13)
  7 two-headed ogres
  2 unseen horrors
  Pikel (D:7)
  A cyclops (D:13)
  A deep elf mage (D:12)
  2 manticores
  2 ugly things (D:12)
  A centaur zombie (D:11)
  2 freezing wraiths
  2 rime drakes (D:11)
  A merfolk (D:9)
  A troll (D:12)
  A hornet (D:15)
  5 hippogriffs
  A meliai zombie (D:11)
  Sigmund (D:3)
  3 wyverns
  A vampire (D:13)
  A wraith (D:10)
  5 yaks
  Grum (D:11)
  2 hungry ghosts
  Menkaure (D:6)
  Duvessa (D:6)
  A soldier ant (D:10)
  6 ice beasts
  A necrophage (D:13)
  8 orc warriors
  4 phantoms
  A slave (D:7)
  4 black bears
  6 ogres
  3 sky beasts
  2 wolves (D:11)
  An eye of draining (D:13)
  8 centaurs
  3 big kobolds
  Blork the orc (D:5)
  4 bullfrogs
  A gnoll sergeant (D:10)
  Dowan (D:6)
  A water moccasin zombie (D:5)
  4 scorpions
  12 killer bees
  8 wights
  8 crimson imps
  3 hounds
  2 jellies
  4 bullfrog zombies
  7 orc priests
  2 bullfrog skeletons
  11 orc wizards
  8 centaur skeletons
  Ijyb (D:4)
  5 iguanas
  15 worker ants
  2 killer bee zombies (D:5)
  A hound skeleton (D:5)
  A worker ant zombie (D:5)
  6 gnolls
  2 river rats
  14 adders
  3 howler monkey skeletons
  3 shadow imps
  An ooze (D:3)
  An adder zombie (D:7)
  An adder skeleton (D:5)
  2 worms
  2 dart slugs
  9 leopard geckos
  59 orcs
  6 ball pythons
  10 bats
  3 giant cockroaches
  6 goblins
  12 hobgoblins
  6 jackals
  16 kobolds
  3 quokkas
  13 frilled lizards
  A jackal skeleton (D:7)
  A jackal zombie (D:5)
  3 leopard gecko skeletons
  A leopard gecko zombie (D:5)
  3 quokka zombies (D:5)
  10 rats
  2 plants (D:1)
399 creatures vanquished.

Vanquished Creatures (others)
  An orc (D:6)
  A fungus (D:14)
  4 plants
6 creatures vanquished.

Grand Total: 405 creatures vanquished

Notes
Turn   | Place    | Note
-------+----------+-------------------------------------------
     0 | D:1      | ChungusAmongUs the Minotaur Berserker began the quest for the Orb.
     0 | D:1      | Reached XP level 1. HP: 19/19 MP: 0/0
   478 | D:1      | Reached XP level 2. HP: 23/26 MP: 1/1
   913 | D:1      | Reached skill level 5 in Maces & Flails
   923 | D:1      | Reached ** piety under Trog
  1146 | D:1      | Reached XP level 3. HP: 23/31 MP: 2/2
  1530 | D:2      | Found a hide-covered altar of Uskayaw.
  1761 | D:2      | Found a snail-covered altar of Cheibriados.
  2147 | D:3      | Found a sparkling altar of Nemelex Xobeh.
  2154 | D:3      | Reached XP level 4. HP: 34/39 MP: 3/3
  2260 | D:3      | HP: 2/58 [poisoned by a worker ant]
  2268 | D:3      | HP: 2/58 [poisoned by a worker ant]
  2559 | D:3      | Found a shattered altar of Ashenzari.
  2599 | D:3      | Noticed Sigmund
  2618 | D:3      | Killed Sigmund
  2618 | D:3      | Reached XP level 5. HP: 41/45 MP: 4/4
  2618 | D:3      | Reached XP level 6. HP: 46/51 MP: 5/5
  2650 | D:3      | HP: 2/51 [orc wizard/magic dart (3)]
  2987 | D:3      | Reached *** piety under Trog
  3109 | D:4      | Noticed Ijyb
  3116 | D:4      | Killed Ijyb
  3275 | D:4      | Found a shadowy altar of Dithmenos.
  3713 | D:4      | Found a basalt altar of Yredelemnul.
  3910 | D:4      | Reached XP level 7. HP: 52/57 MP: 6/6
  4016 | D:5      | Entered Level 5 of the Dungeon
  4028 | D:5      | Noticed Blork the orc
  4055 | D:5      | Reached skill level 10 in Maces & Flails
  4064 | D:5      | Killed Blork the orc
  4697 | D:5      | Found a shadowy altar of Dithmenos.
  4708 | D:5      | Got a vibrating granite ring
  4755 | D:5      | Identified the ring "Daed" {rCorr rElec rN+} (You found it on level 5 of the Dungeon)
  4821 | D:5      | Reached XP level 8. HP: 64/64 MP: 7/7
  5097 | D:5      | Reached **** piety under Trog
  5216 | D:5      | Reached skill level 3 in Armour
  5549 | D:5      | Found a glowing golden altar of the Shining One.
  5630 | D:6      | Noticed Menkaure
  5640 | D:6      | Killed Menkaure
  5640 | D:6      | Reached skill level 4 in Armour
  5707 | D:6      | Reached skill level 5 in Armour
  5710 | D:6      | Reached skill level 5 in Fighting
  5987 | D:6      | Found a glowing drain.
  5991 | Sewer    | Entered a sewer
  6655 | D:6      | Reached XP level 9. HP: 56/74 MP: 8/8
  6915 | D:6      | Noticed Duvessa
  6917 | D:6      | Noticed Dowan
  6926 | D:6      | Killed Duvessa
  6938 | D:6      | Killed Dowan
  6938 | D:6      | Reached skill level 6 in Armour
  6957 | D:6      | Found a stormy altar of Qazlal.
  7144 | D:6      | Noticed a two-headed ogre
  7166 | D:6      | Reached ***** piety under Trog
  7173 | D:6      | Killed a two-headed ogre
  7173 | D:6      | Reached skill level 7 in Armour
  7173 | D:6      | Reached skill level 5 in Dodging
  7526 | D:7      | Reached skill level 8 in Armour
  7779 | D:7      | Received a gift from Trog
  7796 | D:7      | Got a dazzling flail {speed}
  7797 | D:7      | Identified the +4 flail of Laceration {speed, rPois rF+++ MR- MP+9 Dex+5} (You took it off a big kobold on level 7 of the Dungeon)
  7992 | D:7      | Got a pair of distressingly furry gloves
  7998 | D:7      | Identified the +0 pair of gloves of the Clam {rN+ Dex-3 Slay+2} (You found it on level 7 of the Dungeon)
  8221 | D:7      | Reached skill level 9 in Armour
  8443 | D:7      | Found a staircase to the Ecumenical Temple.
  8514 | D:7      | Reached XP level 10. HP: 86/86 MP: 9/9
  8608 | D:7      | Found a hazy altar of Hepliaklqana.
  8712 | D:7      | Found a shimmering altar of Xom.
  8800 | D:7      | Noticed Pikel
  8811 | D:7      | Killed Pikel
  9204 | D:8      | Found an opulent altar of Gozag.
  9270 | D:8      | Noticed a two-headed ogre
  9281 | D:8      | Killed a two-headed ogre
  9281 | D:8      | Reached skill level 10 in Armour
  9678 | D:8      | Found a sacrificial altar of Ru.
  9678 | D:8      | Found a burning altar of Makhleb.
 10269 | D:9      | Noticed a two-headed ogre
 10276 | D:9      | Killed a two-headed ogre
 10276 | D:9      | Reached skill level 11 in Armour
 10824 | D:10     | Entered Level 10 of the Dungeon
 10824 | D:10     | Found a staircase to the Orcish Mines.
 10834 | D:10     | Found a staircase to the Lair.
 10915 | D:10     | Noticed a two-headed ogre
 10917 | D:10     | Reached XP level 11. HP: 97/97 MP: 10/10
 10932 | D:10     | Killed a two-headed ogre
 11088 | D:10     | Reached skill level 12 in Armour
 11105 | D:10     | Received a gift from Trog
 11519 | D:10     | Reached skill level 1 in Shields
 11764 | D:11     | Found a frozen archway.
 11765 | D:11     | Noticed a two-headed ogre
 11777 | D:11     | Killed a two-headed ogre
 11777 | D:11     | Reached skill level 10 in Fighting
 11853 | D:11     | Noticed Grum
 11883 | D:11     | Killed Grum
 12044 | D:11     | Noticed a two-headed ogre
 12051 | D:11     | Killed a two-headed ogre
 12085 | D:11     | Reached skill level 5 in Shields
 12153 | D:11     | Killed an unseen horror
 12276 | D:11     | Found Evaiput's Distillery.
 12439 | D:11     | Bought 2 potions of mutation for 224 gold pieces
 12439 | D:11     | Bought a potion of curing for 42 gold pieces
 12439 | D:11     | Bought a potion of curing for 42 gold pieces
 12439 | D:11     | Bought a potion of curing for 42 gold pieces
 12440 | D:11     | Gained mutation: Your flesh is cold resistant. (rC+) [potion of mutation]
 12440 | D:11     | Gained mutation: You expend magic power (3 MP) to strengthen your wands. [potion of mutation]
 12440 | D:11     | Gained mutation: You passively map a small area around you. [potion of mutation]
 12445 | D:11     | Lost mutation: Your flesh is cold resistant. (rC+) [potion of mutation]
 12445 | D:11     | Lost mutation: You passively map a small area around you. [potion of mutation]
 12445 | D:11     | Gained mutation: You are robust. (+10% HP) [potion of mutation]
 12445 | D:11     | Gained mutation: You possess an exceptional clarity of mind. [potion of mutation]
 12445 | D:11     | Gained mutation: Your spells are a little harder to cast, but a little more powerful. [potion of mutation]
 12445 | D:11     | Gained mutation: You are agile. (Dex +2) [potion of mutation]
 12901 | D:12     | Noticed a deep elf mage
 12910 | D:12     | Killed a deep elf mage
 12910 | D:12     | Reached XP level 12. HP: 116/118 MP: 11/11
 13007 | D:12     | Noticed an eight-headed hydra
 13013 | D:12     | Killed an eight-headed hydra
 13013 | D:12     | Reached skill level 13 in Armour
 13028 | D:12     | Got a dazzling chain mail
 13206 | D:12     | Identified the cursed +0 chain mail "Inofiv" {rElec rF+} (You found it on level 12 of the Dungeon)
 13293 | D:12     | Reached skill level 10 in Dodging
 13736 | D:13     | Got a crude ruby amulet
 13773 | D:13     | Noticed a centaur warrior
 13785 | D:13     | Killed a centaur warrior
 13953 | D:13     | Identified the amulet "Ziyr" {Gourm rC+ Str+4 Dex-2 SInv} (You found it on level 13 of the Dungeon)
 14117 | D:13     | Received a gift from Trog
 14126 | D:13     | Reached ****** piety under Trog
 14189 | D:13     | Got a fine broad axe {god gift}
 14191 | D:13     | Identified the +7 broad axe of the Heart {flame, rPois rF+ Str-4 Int+4} (Trog gifted it to you on level 13 of the Dungeon)
 14203 | D:13     | Reached skill level 1 in Axes
 14375 | D:13     | You fall through a shaft for 2 floors!
 14375 | D:15     | Entered Level 15 of the Dungeon
 14376 | D:15     | Noticed a two-headed ogre
 14386 | D:15     | Killed a two-headed ogre
 14387 | D:15     | Found a basalt altar of Yredelemnul.
 14393 | D:14     | Noticed Louise
 14409 | D:14     | Killed Louise
 14785 | D:14     | Noticed a stone giant
 14789 | D:14     | Noticed a rakshasa
 14811 | D:14     | Killed a rakshasa
 14844 | D:14     | Noticed a death knight
 14861 | D:14     | Reached skill level 5 in Axes
 14869 | D:14     | Slain by a stone giant

Skill      XL: |  1  2  3  4  5  6  7  8  9 10 11 12 |
---------------+-------------------------------------+-----
Maces & Flails | 4 5 8 9 11 12 | 12.0
Fighting       | 5 7 9 10 11 | 11.8
Armour         | 5 9 11 12 13 | 13.7
Dodging        | 4 6 8 9 10 | 10.8
Shields        | 6 8 |  8.8
Axes           | 5 |  5.0

Action                   |  1- 3 |  4- 6 |  7- 9 | 10-12 || total
-------------------------+-------+-------+-------+-------++-------
Melee: Mace              |   160 |    70 |       |       ||   230
       Headbutt          |    26 |    27 |    74 |   155 ||   282
       Flail             |       |    49 |   397 |   526 ||   972
       Broad axe         |       |       |       |    61 ||    61
Invok: Burn Spellbooks   |     1 |       |     1 |       ||     2
       Berserk           |       |     1 |     2 |     3 ||     6
       Trog's Hand       |       |     1 |       |       ||     1
  Use: Scroll            |     5 |     4 |     7 |    13 ||    29
       Potion            |       |     4 |       |     4 ||     8
 Stab: Sleeping          |     1 |       |       |       ||     1
  Eat: Chunk             |     4 |     2 |     5 |    32 ||    43
       Meat ration       |       |     2 |     2 |     2 ||     6
Armor: Animal skin       |    17 |       |       |       ||    17
       Ring mail         |    11 |     9 |       |       ||    20
       Chain mail        |       |    23 |    48 |    28 ||    99
       Scale mail        |       |    16 |    72 |   161 ||   249
Dodge: Dodged            |    74 |    51 |   197 |   315 ||   637
Block: Shield            |       |       |       |   230 ||   230
